 Dungeon Crawl Stone Soup version 0.30-a0-165-g1891117ce2 (webtiles) character file.

Game seed: 1386668915241715351

277 qw the Chopper (level 6, -7/38 HPs)
             Began as a Gargoyle Fighter on Sept 28, 2022.
             Mangled by an orc warrior
             ... wielding a +0 long sword
              (8 damage)
             ... on level 4 of the Dungeon.
             The game lasted 00:01:14 (2962 turns).

qw the Chopper (Gargoyle Fighter)                   Turns: 2962, Time: 00:01:14

Health: -7/38      AC: 14    Str: 22    XL:     6   Next: 26%
Magic:  6/6        EV:  7    Int:  8    God:
Gold:   166        SH:  4    Dex:  9    Spells: 5/5 levels left

rFire   + . .      SeeInvis .    Y - +0 war axe
rCold   + . .      Faith    .    c - +0 buckler
rNeg    + . .      Spirit   .    h - +0 chain mail
rPois   inf        Reflect  .    (no helmet)
rElec   +          Harm     .    f - scarf {rC+ rF+}
rCorr   .          Rampage  .    i - +0 pair of gloves
Will    .....                    (no boots)
Stlth   ..........               (no amulet)
HPRegen 0.12/turn                (no ring)
MPRegen 0.10/turn                (no ring)

@: no status effects
A: sickness immunity, AC +4, negative energy resistance 1, electricity
resistance, torment resistance 1, petrification resistance
a: no special abilities


You were on level 4 of the Dungeon.
You visited 1 branch of the dungeon, and saw 4 of its levels.

You collected 166 gold pieces.


Innate Abilities, Weirdness & Mutations

You are immune to sickness and miasma.
Your stone body is resilient. (AC +4)
You are immune to poison.
You resist negative energy. (rN+)
You are resistant to electric shocks. (rElec)
You are resistant to unholy torment.
You are immune to petrification.


   Skills:
 - Level 4.1 Fighting
 + Level 5.4 Axes
 - Level 3.2 Armour
 - Level 3.2 Shields


You had 5 spell levels left.
You didn't know any spells.
Your spell library was empty.

Inventory:

Hand Weapons
 m - the +10 whip of Qosemaas {vorpal, rCorr Str+5 Int-4 SInv}
   (You found it on level 3 of the Dungeon)

   It inflicts extra damage upon your enemies.
   Str:       It affects your strength (+5).
   Int:       It affects your intelligence (-4).
   SInv:      It lets you see invisible.
   rCorr:     It protects you from acid and corrosion.
 Y - a +0 war axe (weapon)
Armour
 c - a +0 buckler (worn)
 e - a +0 cloak
 f - a scarf of resistance (worn)
 h - a +0 chain mail (worn)
 i - a +0 pair of gloves (worn)
Jewellery
 l - a ring of fire
Scrolls
 g - a scroll of identify
Potions
 a - a potion of degeneration {unknown}
 d - 2 potions of might
 j - 2 potions of curing
 k - a potion of invisibility {unknown}

Dungeon Overview and Level Annotations

Branches:
Dungeon (4/15)
 Temple: D:4-7

Altars:

Shops:
D:3 =

Annotations:
D:2 1 runed translucent door, Crazy Yiuf


Message History

You block the orc warrior's attack. You block the orc's attack.
You hit the orc.
The orc is almost dead.
You closely miss the orc warrior. The orc warrior barely misses you.
The orc hits you with a +0 flail.
You completely miss the orc.
The orc is almost dead.
You slash the endoplasm!
You kill the endoplasm!
You hit the orc warrior. You block the orc warrior's attack.
You block the orc's attack. The orc barely misses you.
The orc warrior barely misses you.
You hit the orc.
You kill the orc!
You hit the orc warrior but do no damage.
The orc warrior hits you with a +0 long sword.
You closely miss the orc warrior.
The orc warrior is lightly wounded.
The orc warrior hits you with a +0 long sword!
You slash the orc warrior!
The orc warrior is moderately wounded.
The orc warrior closely misses you.
You closely miss the orc warrior.
The orc warrior is moderately wounded.
The orc warrior barely misses you.
The orc warrior hits you with a +0 long sword!
You barely miss the orc warrior.
The orc warrior is moderately wounded.
The orc warrior completely misses you.
You closely miss the orc warrior.
The orc warrior is moderately wounded.
You block the orc warrior's attack.
You closely miss the orc warrior.
The orc warrior is moderately wounded.
The orc warrior hits you with a +0 long sword.
You slash the orc warrior!
The orc warrior is severely wounded.
The orc warrior closely misses you.
The orc warrior hits you with a +0 long sword!
You die...

##............#######
#<...........##
#)............##
#..<........##.#
##.............##
##...###.......###
#..## #..#>##...##
#..# #..##.###%).##
#... ##..#.@........#
.... #.##.o).......#
......
#..##........##
....... #..
..........#
......./?...###
...........
..........
...........


You could see an orc warrior.

Vanquished Creatures
  2 necrophages (D:4)
  A hound (D:3)
  3 adders
  A worm (D:3)
  3 dart slugs (D:1)
  2 orcs (D:4)
  4 endoplasms
  17 giant cockroaches
  8 goblins
  9 hobgoblins
  4 jackals (D:1)
  4 kobolds
  4 quokkas
  4 ball pythons
  6 bats
  A frilled lizard (D:1)
  4 rats
77 creatures vanquished.

Vanquished Creatures (others)
  9 plants (D:2)
9 creatures vanquished.

Grand Total: 86 creatures vanquished

Notes
Turn   | Place    | Note
-------+----------+-------------------------------------------
     0 | D:1      | qw the Gargoyle Fighter began the quest for the Orb.
     0 | D:1      | Reached XP level 1. HP: 14/14 MP: 1/1
     0 | D:1      | 0 ||| qw: Version: 0.2-a-12-gaebbb33
     0 | D:1      | 0 ||| qw: Game counter: 823
     0 | D:1      | 0 ||| qw: Always use a shield: true
     0 | D:1      | 0 ||| qw: God list: Okawaru
     0 | D:1      | 0 ||| qw: Allow faded altars: false
     0 | D:1      | 0 ||| qw: Do Orc after D:15 true
     0 | D:1      | 0 ||| qw: Do second Lair branch before Depths: true
     0 | D:1      | 0 ||| qw: Lair rune preference: random
     0 | D:1      | 0 ||| qw: Plans: Normal, Zot:1-4, God:TSO, Crypt, Tomb,
                  | Pan, Slime:5, Hells, Abyss, Orb
     0 | D:1      | 0 ||| PLANNING D:1-11
    80 | D:1      | Reached skill level 2 in Axes
   112 | D:1      | Reached XP level 2. HP: 14/19 MP: 2/2
   404 | D:1      | Reached skill level 3 in Axes
   463 | D:1      | Reached XP level 3. HP: 23/23 MP: 3/3
   572 | D:1      | 572 ||| Stepping ~*~*~tactically~*~*~ (stealth).
   587 | D:1      | 587 ||| Stepping ~*~*~tactically~*~*~ (stealth).
   774 | D:1      | 774 ||| UPGRADING to +0 cloak.
   779 | D:1      | 779 ||| UPGRADING to +0 chain mail.
   789 | D:1      | 789 ||| DROPPING +0 scale mail.
   790 | D:1      | 790 ||| READING scroll labelled OGHIGA TAXKEH.
   891 | D:1      | 891 ||| READING 2 scrolls labelled TOOD GEITUO.
   892 | D:1      | 892 ||| READING scroll labelled RAUMID GIRENA.
   893 | D:1      | 893 ||| READING scroll labelled BUIMEMOGHI.
   899 | D:2      | 899 ||| STAIRDANCE
  1075 | D:2      | Reached XP level 4. HP: 28/28 MP: 4/4
  1083 | D:2      | 1083 ||| Stepping ~*~*~tactically~*~*~ (stealth).
  1083 | D:2      | Identified the +8 whip of the Feeding Penguin {pain, +Blink
                  | rPois rC- Stlth-}
  1085 | D:2      | 1085 ||| DROPPING +0 club.
  1124 | D:2      | 1124 ||| Stepping ~*~*~tactically~*~*~ (stealth).
  1131 | D:2      | Reached skill level 4 in Axes
  1300 | D:2      | 1300 ||| Stepping ~*~*~tactically~*~*~ (stealth).
  1301 | D:2      | 1301 ||| Stepping ~*~*~tactically~*~*~ (stealth).
  1389 | D:2      | 1389 ||| Stepping ~*~*~tactically~*~*~ (stealth).
  1716 | D:2      | Found a runed translucent door.
  1717 | D:2      | Noticed Crazy Yiuf
  1720 | D:2      | 1720 ||| UPGRADING to scarf of resistance.
  1730 | D:2      | 1730 ||| UPGRADING to +0 pair of gloves.
  1735 | D:2      | 1735 ||| DRINKING 2 purple potions.
  1736 | D:2      | 1736 ||| READING 2 scrolls of identify.
  1736 | D:2      | 1736 ||| IDENTIFYING sedimented black potion
  1737 | D:2      | 1737 ||| DROPPING potion of magic.
  1849 | D:3      | 1849 ||| Stepping ~*~*~tactically~*~*~ (stealth).
  1851 | D:3      | 1851 ||| Stepping ~*~*~tactically~*~*~ (stealth).
  1882 | D:3      | Identified the +10 whip of Qosemaas {vorpal, rCorr Str+5
                  | Int-4 SInv}
  1884 | D:3      | 1884 ||| DROPPING +8 whip of the Feeding Penguin {pain,
                  | +Blink rPois rC- Stlth-}.
  1885 | D:3      | 1885 ||| DROPPING +0 hammer.
  2006 | D:3      | Found a faded altar of an unknown god.
  2495 | D:3      | Found Ivvinol's Jewellery Boutique.
  2498 | D:3      | 2498 ||| SHOPLISTING +4 ring of evasion (468 gold, have
                  | 154).
  2498 | D:3      | 2498 ||| SHOPLISTING +6 ring of dexterity (468 gold, have
                  | 154).
  2498 | D:3      | 2498 ||| SHOPLISTING +6 ring of strength (468 gold, have
                  | 154).
  2498 | D:3      | 2498 ||| SHOPLISTING ring of ice (325 gold, have 154).
  2498 | D:3      | 2498 ||| SHOPLISTING ring of willpower (325 gold, have
                  | 154).
  2612 | D:3      | 2612 ||| READING scroll labelled OPEMUN UDUEWN.
  2630 | D:4      | 2630 ||| STAIRDANCE
  2639 | D:3      | Reached XP level 5. HP: 32/32 MP: 5/5
  2689 | D:4      | Reached skill level 5 in Axes
  2689 | D:4      | 2689 ||| FLEEEEING.
  2701 | D:4      | Reached XP level 6. HP: 11/38 MP: 6/6
  2840 | D:4      | 2840 ||| FLEEEEING.
  2846 | D:4      | 2846 ||| FLEEEEING.
  2847 | D:4      | 2847 ||| FLEEEEING.
  2848 | D:4      | 2848 ||| FLEEEEING.
  2849 | D:4      | 2849 ||| FLEEEEING.
  2850 | D:4      | 2850 ||| FLEEEEING.
  2851 | D:4      | 2851 ||| FLEEEEING.
  2852 | D:4      | 2852 ||| STAIRDANCE
  2943 | D:4      | Noticed an orc warrior
  2958 | D:4      | HP: 3/38 [orc warrior/+0 long sword (9)]
  2961 | D:4      | HP: 1/38 [orc warrior/+0 long sword (2)]
  2962 | D:4      | Mangled by an orc warrior

Levels and vault maps discovered:
D:1:      scummos_arrival_simple_crosswalls, layout_basic
D:2:      minmay_roachtagon, layout_rooms, serial_forest,
          infiniplex_forest_clump_C, infiniplex_forest_clump_double,
          infiniplex_forest_clump_small, infiniplex_forest_straight_4,
          infiniplex_forest_end_1, uniq_crazy_yiuf_cottage
D:3:      layout_loops_cross, ebering_ecumenical_altar_mist, serial_shops,
          nicolae_shop_behind_doors
D:4:      minmay_angry_zag, layout_cave_pools, minmay_misc_feat_tiny,
          chequers_avenue, chequers_decorated_corner,
          chequers_serial_rivers_micro_a, uniq_duvessa

Skill      XL: |  1  2  3  4  5 |
---------------+----------------+-----
Axes           | 2 3 4 5 |  5.4
Fighting       | 4 |  4.1
Armour         | |  3.2
Shields        | |  3.2

Action                   |  1- 3 |  4- 6 || total
-------------------------+-------+-------++-------
Melee: War axe           |    77 |   146 ||   223
  Use: Scroll            |     4 |     2 ||     6
       Potion            |       |     1 ||     1
Armor: Scale mail        |    38 |       ||    38
       Chain mail        |    20 |    78 ||    98
Dodge: Dodged            |    36 |    56 ||    92
Block: Buckler           |    10 |    31 ||    41

Table legend:
 A = Non-vault XP
 B = Vault XP
 C = Vault XP percentage of total XP
 D = Non-vault monster count
 E = Vault monster count
 F = Vault count percentage of total count
                 A         B        C        D         E       F
            +---------+---------+-------+---------+---------+-------
      Total |     373 |      24 |   6.0 |      65 |      12 |  15.6
            +---------+---------+-------+---------+---------+-------
        D:1 |      59 |       0 |   0.0 |      30 |       0 |   0.0
        D:2 |      48 |      24 |  33.3 |      15 |      12 |  44.4
        D:3 |      75 |       0 |   0.0 |      11 |       0 |   0.0
        D:4 |     191 |       0 |   0.0 |       9 |       0 |   0.0
            +---------+---------+-------+---------+---------+-------
